 Dungeon Crawl Stone Soup version 0.19-a0-1608-g4cf22de (webtiles) character file.

361 Alarkh the Grave Robber (level 6, -5/41 HPs)
             Began as a Mummy Necromancer on Sept 17, 2016.
             Hit by a tomahawk thrown by an orc warrior (13 damage)
             ... on level 4 of the Dungeon.
             The game lasted 00:04:41 (3118 turns).

Alarkh the Grave Robber (Mummy Necromancer)         Turns: 3118, Time: 00:04:42

Health: -5/41      AC:  2    Str: 11    XL:     6   Next: 38%
Magic:  11/11      EV: 12    Int: 17    God:
Gold:   261        SH:  0    Dex: 12    Spells: 2 memorised, 8 levels left

rFire  x . .     SeeInvis .     b - +0 dagger (venom)
rCold  + . .     Gourm    .     d - +0 robe
rNeg   + + +     Faith    .     (no shield)
rPois  ∞         Spirit   .     (no helmet)
rElec  .         Dismiss  .     (no cloak)
rCorr  .         Reflect  .     (no gloves)
MR     .....     Harm     .     (no boots)
Stlth  ++........               (no amulet)
                                (no ring)
                                (no ring)

@: no status effects
A: no food or potions, fire vulnerability, cold resistance 1, negative energy
resistance 3, torment resistance, unbreathing
a: no special abilities


You were on level 4 of the Dungeon.
You were not hungry.

You visited 1 branch of the dungeon, and saw 4 of its levels.

You collected 261 gold pieces.

Inventory:

Hand Weapons
 a - a +0 falchion
 b - a +0 dagger of venom (weapon)
 f - a +0 dagger of draining
Armour
 d - a +0 robe (worn)
Scrolls
 e - 2 scrolls of identify
 g - 4 scrolls of remove curse
 h - a scroll of random uselessness
Books
 c - a book of Necromancy

   Spells                             Type                      Level
   a - Pain                           Necromancy                   1
   b - Animate Skeleton               Necromancy                   1
   c - Vampiric Draining              Necromancy                   3
   d - Regeneration                   Charms/Necromancy            3
   e - Animate Dead                   Necromancy                   4
   f - Control Undead                 Necromancy                   4


   Skills:
 * Level 3.0 Long Blades
 - Level 1.5 Dodging
 - Level 1.5 Stealth
 + Level 3.8 Spellcasting
 + Level 5.5 Necromancy


You had 8 spell levels left.
You knew the following spells:

 Your Spells              Type           Power        Failure   Level  Hunger
a - Vampiric Draining     Necr           ###.......   6%          3    N/A
b - Pain                  Necr           ###.         1%          1    N/A

Dungeon Overview and Level Annotations

Branches:
Dungeon (4/15)
 Temple: D:4-7

Altars:
Dithmenos
Fedhas
Gozag
Ru
Xom


Innate Abilities, Weirdness & Mutations

You do not eat or drink.
Your flesh is vulnerable to fire.
You are immune to poison.
Your flesh is cold resistant. (rC+)
You are immune to negative energy. (rN+++)
You are immune to unholy pain and torment.
You can survive without breathing.


Message History

Things that are here:
a dagger; a robe An orc is nearby!
An orc is nearby!
An orc is nearby!
The orc shouts!
The orc warrior shouts!
The orc barely misses you.
You closely miss the orc. The orc hits you but does no damage.
The orc warrior throws a tomahawk.
The tomahawk hits you!
You hit the orc.
The orc is poisoned.
The orc is lightly wounded.
The orc hits you but does no damage.
You kill the orc!
The orc warrior throws a tomahawk.
The tomahawk hits you!
* * * LOW HITPOINT WARNING * * *
Okay, then.
The orc warrior throws a tomahawk.
The tomahawk misses you.
The orc warrior throws a tomahawk.
The tomahawk hits you!
You die...

## #....# #.......# .##
####....###.#######
..#######..................
#.##.......########.############
#.##..............#.#...........
#.##........#####.#...<..# .....
#..#........#####.###.#.## .(...
.#.#........#<....###>#.# ......
...............(@......>##......
.#.#...............)..###.......
.#.........##.........o.)(......
.##...†....##.##########.#......
.##........##.##.. ..# .....
.##........##.#.# ..## ####
.#.....##.##.[.# o.#
..........##..## ..#
..........##..# ...


You could see an orc warrior.

Vanquished Creatures
  2 howler monkeys
  A hound (D:4)
  3 orc wizards
  An orc priest (D:3)
  A worker ant (D:4)
  2 adders (D:2)
  A howler monkey skeleton (D:4)
  3 worms (D:2)
  3 dart slugs
  A leopard gecko (D:1)
  13 orcs
  A ball python (D:3)
  8 bats
  11 goblins
  8 hobgoblins
  3 jackals (D:2)
  A quokka (D:2)
  7 frilled lizards
  3 kobolds
  8 rats
81 creatures vanquished.

Notes
Turn   | Place    | Note
-------+----------+-------------------------------------------
     0 | D:1      | Alarkh the Mummy Necromancer began the quest for the Orb.
     0 | D:1      | Reached XP level 1. HP: 13/13 MP: 3/3
   274 | D:1      | Reached XP level 2. HP: 13/19 MP: 1/5
   564 | D:2      | Reached XP level 3. HP: 8/24 MP: 0/6
   569 | D:2      | Learned a level 3 spell: Vampiric Draining
  1152 | D:2      | Found a shadowy altar of Dithmenos.
  1183 | D:2      | Found a shimmering altar of Xom.
  1368 | D:2      | Reached XP level 4. HP: 21/30 MP: 8/8
  1555 | D:3      | Reached skill level 5 in Necromancy
  1712 | D:3      | Found a faded altar of an unknown god.
  1716 | D:3      | Became a worshipper of Ru the Awakened
  1716 | D:3      | Fell from the grace of Ru
  2023 | D:3      | Reached skill level 1 in Long Blades
  2363 | D:3      | Found a blossoming altar of Fedhas.
  2442 | D:3      | Found an opulent altar of Gozag.
  2559 | D:3      | Reached XP level 5. HP: 24/35 MP: 9/9
  2911 | D:4      | Reached XP level 6. HP: 20/41 MP: 3/11
  3002 | D:4      | Noticed an orc warrior
  3118 | D:4      | Hit by a tomahawk thrown by an orc warrior

Vault maps used:
D:1:      eino_arrival_water_star, st_stairs_13
D:2:      grunt_dithmenos_smoke_and_mirrors, xom_teletrap_fun
D:3:      nicolae_overflow_crystal_walls, ecumenical_altar_1, first_bread,
          fedhas_altar_4
D:4:      lemuel_doored_altar, corexii_shack, guppyfry_early_orc_mine

Skill      XL: |  1  2  3  4  5  6 |
---------------+-------------------+-----
Spellcasting   | 3 |  3.8
Necromancy     | 5 |  5.5
Long Blades    | 1 2 3 |  3.0
Dodging        | |  1.5
Stealth        | |  1.5

Action                   |  1- 3 |  4- 6 || total
-------------------------+-------+-------++-------
Melee: Dagger            |    89 |   128 ||   217
       Unarmed           |     5 |       ||     5
       Falchion          |       |     6 ||     6
 Cast: Pain              |    23 |       ||    23
       Vampiric Draining |     8 |    22 ||    30
Invok: Renounce Religion |       |     1 ||     1
  Use: Scroll            |       |     2 ||     2
 Stab: Sleeping          |     5 |     2 ||     7
Armor: Robe              |    15 |    19 ||    34
Dodge: Dodged            |    89 |    70 ||   159
